 Dungeon Crawl Stone Soup version 0.28-a0-1638-g9123634e07 (webtiles) character file.

Game seed: 13303869826550162503

151 siradein the Magician (level 5, -1/28 HPs)
             Began as a Deep Elf Hedge Wizard on Jan 26, 2022.
             Slain by Sigmund (11 damage)
             ... on level 3 of the Dungeon.
             The game lasted 00:09:46 (3723 turns).

siradein the Magician (Deep Elf Hedge Wizard)       Turns: 3723, Time: 00:09:47

Health: -1/28      AC:  3    Str:  9    XL:     5   Next: 10%
Magic:  13/14      EV: 12    Int: 19    God:
Gold:   122        SH:  0    Dex: 14    Spells: 3/14 levels left

rFire   . . .      SeeInvis .   i - +2 dagger (vamp)
rCold   . . .      Faith    .   (no shield)
rNeg    . . .      Spirit   .   m - +0 leather armour
rPois   .          Reflect  .   c - +0 hat
rElec   .          Harm     .   (no cloak)
rCorr   .          Rampage  .   (no gloves)
Will    .....                   (no boots)
Stlth   +.........              (no amulet)
HPRegen 0.09/turn               (no ring)
MPRegen 0.14/turn               (no ring)

@: confused
A: no striking features
a: no special abilities


You were on level 3 of the Dungeon.
You visited 1 branch of the dungeon, and saw 3 of its levels.

You collected 122 gold pieces.

Inventory:

Hand Weapons
 i - a +2 vampiric dagger (weapon)
Armour
 c - a +0 hat (worn)
 m - a +0 leather armour (worn)
Wands
 a - a wand of acid (4)
Scrolls
 b - a scroll of summoning {unknown}
 g - a scroll of fear {unknown}
 h - a scroll of blinking {unknown}
 k - a scroll of amnesia {unknown}
 l - a scroll of brand weapon {unknown}
Potions
 d - 2 potions of degeneration {unknown}
 e - a potion of magic {unknown}
 f - a potion of mutation {unknown}
 j - 3 potions of curing {unknown}


   Skills:
 + Level 3.5 Dodging
 - Level 2.4 Stealth
 + Level 5.3 Spellcasting
 + Level 2.5 Conjurations
 + Level 2.6 Summonings
 + Level 2.5 Translocations


You had 3 spell levels left.
You knew the following spells:

 Your Spells              Type           Power      Damage    Failure   Level
a - Magic Dart            Conj           56%        1d5       6%          1
b - Blink                 Tloc           28%        N/A       10%         2
c - Call Imp              Summ           14%        N/A       9%          2
d - Mephitic Cloud        Conj/Pois/Air  8%         N/A       34%         3
e - Conjure Flame         Conj/Fire      9%         6-21      30%         3

Your spell library contained the following spells:

 Spells                   Type           Power      Damage    Failure   Level
 Slow                     Hex            20%        N/A       17%         1


Dungeon Overview and Level Annotations

Branches:
Dungeon (3/15)

Altars:

Annotations:
D:3 Sigmund


Message History

Sigmund is severely wounded.
Your crimson imp hits Sigmund.
Sigmund gestures wildly while chanting.
Sigmund flickers and vanishes!
Deactivating autopickup; reactivate with Ctrl-A.
You can't see any susceptible monsters within range! (Use Z to cast anyway.)
Your crimson imp closely misses something.
Something barely misses your crimson imp.
Something barely misses your crimson imp.
Something hits your crimson imp.
You start resting.
Magic restored.
You hear a shout!
There is a strange disturbance nearby!
A puff of flame appears from out of thin air!
The puff of flame hits you!
A magic dart appears from out of thin air!
The magic dart hits you!
* * * LOW HITPOINT WARNING * * *
Casting: Magic Dart (safe; 6% risk of failure)
Confirm with . or Enter, or press ? or * to list all spells.
A beastly little devil appears in a puff of flame.
Your crimson imp blinks!
What are your orders? t - Shout!
Orders for allies: a - Attack new target. p - Attack previous target. r - Retreat! s - Stop attacking. g - Guard the area. f - Follow me.
Anything else - Cancel.
Gang up on whom?
Press: ? - help, Dir - move target, f/p - Sigmund
Aim: Sigmund, wielding a +0 scythe and wearing a +0 robe (severely wounded, ally target) Attack!
Sigmund casts a spell at you.
You are confused.
Are you sure you want to stumble around while confused and next to your crimson imp?
Okay, then.
Your crimson imp closely misses Sigmund.
Sigmund hits you from afar with a +0 scythe!
You die...

#..###............
#.................
#...##..........5.
##...##............
##.....#.........##.
#................##.
###................#..
#..@5................#
#.##.@..............##
#.#...................
#.#...............####
#.#...............#
#@##.....#........#
#.###....)........#
#.###.............#
##.#...####........#
#....### #........#


You could see Sigmund (ally target) and a friendly crimson imp (summoned).

Vanquished Creatures
  5 adders
  2 worms
  4 dart slugs
  8 endoplasms
  9 goblins
  5 hobgoblins
  4 jackals (D:3)
  7 ball pythons
  4 bats
  6 frilled lizards
  6 kobolds
  4 rats
64 creatures vanquished.

Vanquished Creatures (collateral kills)
  Ijyb (D:3)
  A rat (D:3)
2 creatures vanquished.

Vanquished Creatures (others)
  A plant (D:3)
1 creature vanquished.

Grand Total: 67 creatures vanquished

Notes
Turn   | Place    | Note
-------+----------+-------------------------------------------
     0 | D:1      | siradein the Deep Elf Hedge Wizard began the quest for the
                  | Orb.
     0 | D:1      | Reached XP level 1. HP: 10/10 MP: 7/7
   224 | D:1      | Reached XP level 2. HP: 14/15 MP: 0/9
   347 | D:1      | Learned a level 2 spell: Blink
   350 | D:1      | Learned a level 2 spell: Call Imp
   453 | D:1      | Found a faded altar of an unknown god.
  1025 | D:1      | Reached XP level 3. HP: 19/19 MP: 9/11
  1704 | D:2      | Reached skill level 5 in Spellcasting
  1704 | D:2      | Reached XP level 4. HP: 24/24 MP: 8/13
  1811 | D:2      | Learned a level 3 spell: Mephitic Cloud
  1815 | D:2      | Learned a level 3 spell: Conjure Flame
  2066 | D:3      | Noticed Ijyb
  2083 | D:3      | Killed Ijyb
  2414 | D:3      | Noticed Sigmund
  3459 | D:3      | Reached XP level 5. HP: 28/28 MP: 9/14
  3723 | D:3      | Slain by Sigmund

Illustrated notes

Levels and vault maps discovered:
D:1:      elethiomel_arrival_infinity_welcomes_careful_drivers, layout_rooms,
          chequers_ecumenical_altar_simple, kennysheep_boxes
D:2:      layout_basic
D:3:      layout_rooms, guppyfry_early_lair_pool, uniq_sigmund, uniq_ijyb

Skill      XL: |  1  2  3 |
---------------+----------+-----
Dodging        | 3 |  3.5
Conjurations   | 2 |  2.5
Summonings     | 2 |  2.6
Translocations | 2 |  2.5
Spellcasting   | 5 |  5.3
Stealth        | |  2.4

Action                   |  1- 3 |  4- 6 || total
-------------------------+-------+-------++-------
Melee: Dagger            |     2 |     4 ||     6
 Cast: Magic Dart        |   104 |    77 ||   181
       Call Imp          |       |     9 ||     9
       Blink             |       |     2 ||     2
Armor: Robe              |     4 |     4 ||     8
Dodge: Dodged            |    13 |    21 ||    34

Table legend: (Time is in decaauts)
 A = Elapsed time spent in this place.
 B = Non-inter-level travel time spent in this place.
 C = Inter-level travel time spent in this place.
 D = Time resting spent in this place.
 E = Time spent auto-exploring this place.
 F = Levels seen in this place.
 G = Mean time per level.
                   A        B        C        D        E       F      G
               +--------+--------+--------+--------+--------+-----+--------+
         Total |   3730 |   3653 |     77 |    664 |   2257 |   3 | 1243.3 |
       Dungeon |   3730 |   3653 |     77 |    664 |   2257 |   3 | 1243.3 |
               +--------+--------+--------+--------+--------+-----+--------+

Top non-repeatable levels by time:
     D:2: 1641 daAuts
     D:1: 1191 daAuts
     D:3: 898 daAuts
